 Dungeon Crawl Stone Soup version 0.31-a0-239-g0a1456f148 (webtiles) character file.

Game seed: 18244739781390501446

192 qw the Shooter (level 5, -3/30 HPs)
             Began as a Gargoyle Hexslinger on July 11, 2023.
             Killed from afar by an orc wizard (5 damage)
             ... with a puff of flame
             ... on level 3 of the Dungeon.
             The game lasted 00:01:08 (2083 turns).

qw the Shooter (Gargoyle Hexslinger)                Turns: 2083, Time: 00:01:09

Health: -3/30      AC:  9    Str: 12    XL:     5   Next: 71%
Magic:  6/6        EV: 10    Int: 13    God:
Gold:   129        SH:  0    Dex: 14    Spells: 5/6 levels left

rFire   . . .        Y - +1 sling
rCold   . . .        (no shield)
rNeg    + . .        f - +0 ring mail
rPois   inf          (no helmet)
rElec   +            (no cloak)
rCorr   .            (no gloves)
SInv    .            (no boots)
Will    .....        (no amulet)
Stlth   +            (no ring)
HPRegen 0.25/turn    (no ring)
MPRegen 0.10/turn

%: no passive effects
@: no status effects
A: sickness immunity, AC +4, negative energy resistance 1, electricity
resistance, torment resistance 1, petrification resistance
a: no special abilities


You were on level 3 of the Dungeon.
You visited 1 branch of the dungeon, and saw 3 of its levels.

You collected 129 gold pieces.


Innate Abilities, Weirdness & Mutations

You are immune to sickness and miasma.
Your stone body is resilient. (AC +4)
You are immune to poison.
You resist negative energy. (rN+)
You are resistant to electric shocks. (rElec)
You are resistant to unholy torment.
You are immune to petrification.


   Skills:
 + Level 2.2 Fighting
 - Level 5.0 Ranged Weapons
 - Level 1.8 Armour
 - Level 1.5 Dodging
 - Level 1.0 Spellcasting
 - Level 2.6 Hexes


You had 5 spell levels left.
You knew the following spells:

 Your Spells              Type           Power      Damage    Failure   Level
a - Slow                  Hex            28%        N/A       21%         1

Your spell library contained the following spells:

 Spells                   Type           Power      Damage    Failure   Level
 Inner Flame              Hex/Fire       4%         N/A       71%         3
 Portal Projectile        Hex/Tloc       8%         N/A       71%         3
 Cause Fear               Hex            3%         N/A       90%         4

Inventory:

Hand Weapons
 Y - a +1 sling (weapon)
Armour
 f - a +0 ring mail (worn)
Jewellery
 g - an amulet of guardian spirit
Potions
 a - 2 potions of curing {unknown}
 b - a potion of berserk rage {unknown}
 c - a potion of mutation {unknown}
 d - a potion of ambrosia {unknown}
 e - 2 potions of heal wounds {unknown}
 h - a potion of might {unknown}
 i - a potion of haste {unknown}

Dungeon Overview and Level Annotations

Branches:
Dungeon (3/15)

Altars:
Sif Muna


Message History

You shoot a sling bullet.
The sling bullet barely misses the orc warrior.
The orc warrior hits you with a +0 short sword.
The orc misses you.
You shoot a sling bullet.
The sling bullet barely misses the orc warrior.
The orc warrior hits you with a +0 short sword.
You shoot a sling bullet.
The sling bullet hits the orc warrior but does no damage.
The orc warrior is moderately wounded.
The orc warrior hits you with a +0 short sword.
The orc warrior closely misses you.
You shoot a sling bullet.
The sling bullet hits the orc warrior but does no damage.
The orc warrior is moderately wounded.
Something hits you but does no damage.
The orc warrior hits you but does no damage.
The orc closely misses you.
You shoot a sling bullet.
The sling bullet closely misses the orc warrior.
Something hits you but does no damage. The orc warrior completely misses you.
The orc hits you but does no damage.
You shoot a sling bullet. The sling bullet hits the orc warrior.
The orc warrior is moderately wounded.
The orc warrior hits you with a +0 short sword.
Something hits you. The orc hits you with a +0 whip.
You shoot a sling bullet. The sling bullet hits the orc warrior.
The orc warrior is heavily wounded.
Something hits you. The orc warrior misses you.
The orc hits you but does no damage. The orc hits you with a +0 whip.
The orc warrior hits you but does no damage.
You hear some strange, mumbled words.
A magic dart appears from out of thin air!
The magic dart hits you.
You shoot a sling bullet. The sling bullet hits the orc warrior.
The orc warrior is heavily wounded.
You hear some strange, mumbled words.
A puff of flame appears from out of thin air!
The puff of flame hits you.
You die...

.###. #.. #. ...
#.###. ... ...... #.#
###### #.# #K#
####o###
#..{@o.##############
#.##.#.##.......%....
#.#.##.........###
#........#....##
#.####..#..#<#...#
#....|......#...##
########........#
#........# #...######


You could see an orc warrior, an orc and a kobold.

Vanquished Creatures
  An orc priest (D:3)
  Natasha (twice) (D:3)
  3 adders
  2 worms
  3 dart slugs
  2 orcs (D:3)
  4 bats
  7 endoplasms
  5 giant cockroaches
  9 goblins
  8 hobgoblins
  A jackal (D:3)
  3 kobolds
  8 quokkas
  3 ball pythons
  4 frilled lizards
  3 rats
68 creatures vanquished.

Notes
Turn   | Place    | Note
-------+----------+-------------------------------------------
     0 | D:1      | qw the Gargoyle Hexslinger began the quest for the Orb.
     0 | D:1      | Reached XP level 1. HP: 12/12 MP: 2/2
     0 | D:1      | 0 ||| qw: Version: 0.3-a-52-g30416fa
     0 | D:1      | 0 ||| qw: Game counter: 5944
     0 | D:1      | 0 ||| qw: Melee chars always use a shield: true
     0 | D:1      | 0 ||| qw: God list: Okawaru
     0 | D:1      | 0 ||| qw: Allow faded altars: false
     0 | D:1      | 0 ||| qw: Do Orc after clearing Dungeon:15 true
     0 | D:1      | 0 ||| qw: Do second Lair branch before Depths: true
     0 | D:1      | 0 ||| qw: Lair rune preference: random
     0 | D:1      | 0 ||| qw: Goals: Normal
     0 | D:1      | 0 ||| PLANNING D:1-11
    37 | D:1      | 37 ||| FLEEEEING.
    38 | D:1      | 38 ||| FLEEEEING.
    73 | D:1      | Reached XP level 2. HP: 16/16 MP: 3/3
   111 | D:1      | Reached skill level 3 in Ranged Weapons
   406 | D:1      | Reached XP level 3. HP: 21/21 MP: 4/4
   407 | D:1      | You fall into a shaft and drop 1 floor!
   509 | D:2      | 509 ||| READING scroll labelled AMAREA IVVO.
   510 | D:2      | 510 ||| READING scroll labelled DILAOC AZUBBU.
   511 | D:2      | 511 ||| DROPPING scroll of poison.
   953 | D:1      | 953 ||| READING scroll labelled KYEFYQ DYUKODAMM.
   968 | D:1      | 968 ||| READING scroll labelled WODAUM USONEJ.
  1123 | D:2      | Reached XP level 4. HP: 26/26 MP: 5/5
  1302 | D:2      | Reached skill level 4 in Ranged Weapons
  1407 | D:2      | 1407 ||| UPGRADING to +0 leather armour.
  1417 | D:2      | 1417 ||| DROPPING +0 robe.
  1418 | D:2      | 1418 ||| UPGRADING to +0 ring mail.
  1428 | D:2      | 1428 ||| DROPPING +0 leather armour.
  1429 | D:2      | 1429 ||| DRINKING 2 silvery potions.
  1479 | D:2      | 1479 ||| DROPPING potion of lignification.
  1499 | D:3      | 1499 ||| Stepping ~*~*~tactically~*~*~ (outnumbered).
  1514 | D:3      | Reached skill level 1 in Armour
  1603 | D:3      | Reached XP level 5. HP: 26/30 MP: 6/6
  1699 | D:3      | Found a shimmering blue altar of Sif Muna.
  1912 | D:3      | Noticed Natasha
  1921 | D:3      | Killed Natasha
  1966 | D:3      | Noticed Natasha
  1979 | D:3      | Killed Natasha
  1980 | D:3      | Reached skill level 5 in Ranged Weapons
  2069 | D:3      | Noticed an orc warrior
  2082 | D:3      | HP: 4/30 [orc/+0 whip (5)]
  2083 | D:3      | Killed from afar by an orc wizard

Levels and vault maps discovered:
D:1:      tarquinn_simple_flora_water_b, layout_rooms, serial_aquarium,
          aquarium_bridge_square [aquarium_subvault_bridge,
          aquarium_subvault_bridge, aquarium_subvault_bridge,
          aquarium_subvault_wall], aquarium_bridge_long_separate
          [aquarium_subvault_window, aquarium_subvault_wall,
          aquarium_subvault_bridge, aquarium_subvault_wall,
          aquarium_subvault_bridge, aquarium_subvault_balcony],
          aquarium_window_1, aquarium_window_fake, aquarium_window_corner,
          aquarium_window_fake, aquarium_view_2g, aquarium_view_2e,
          aquarium_pool_corner, due_unseen_surprise
D:2:      layout_basic
D:3:      layout_loops_cross, lemuel_coloured_pillars_altar,
          minmay_curled_crystal, st_stairs_14, minmay_misc_feat_secret_circle,
          uniq_natasha

Skill      XL: |  1  2  3  4  5 |
---------------+----------------+-----
Ranged Weapons | 3 4 5 |  5.0
Fighting       | 2 |  2.2
Armour         | 1 |  1.8
Dodging        | |  1.5
Spellcasting   | |  1.0
Hexes          | |  2.6

Action                     |  1- 3 |  4- 6 || total
---------------------------+-------+-------++-------
   Fire: Sling             |   163 |   150 ||   313
    Use: Scroll            |     4 |       ||     4
         Potion            |       |     1 ||     1
 Armour: Robe              |    36 |     5 ||    41
         Ring mail         |       |    48 ||    48
  Dodge: Dodged            |    77 |    66 ||   143

Table legend:
 A = Non-vault XP
 B = Vault XP
 C = Vault XP percentage of total XP
 D = Non-vault monster count
 E = Vault monster count
 F = Vault count percentage of total count
                 A         B        C        D         E       F
            +---------+---------+-------+---------+---------+-------
      Total |     238 |      37 |  13.5 |      66 |       2 |   2.9
            +---------+---------+-------+---------+---------+-------
        D:1 |      60 |       0 |   0.0 |      31 |       0 |   0.0
        D:2 |      48 |       0 |   0.0 |      19 |       0 |   0.0
        D:3 |     130 |      37 |  22.2 |      16 |       2 |  11.1
            +---------+---------+-------+---------+---------+-------
